 Dungeon Crawl Stone Soup version 0.22.0-38-g04b72b8 (webtiles) character file.

269 HEYYEYAAE the Poker (level 5, 0/45 HPs)
             Began as a Demigod Gladiator on Aug 30, 2018.
             Killed by nerve-wracking pain
             ... invoked by an orc priest
              (6 damage)
             ... on level 4 of the Dungeon.
             The game lasted 00:02:37 (2327 turns).

HEYYEYAAE the Poker (Demigod Gladiator)             Turns: 2327, Time: 00:02:37

Health: 0/45       AC:  8    Str: 19    XL:     5   Next: 69%
Magic:  7/7        EV: 11    Int: 12    God:
Gold:   57         SH:  0    Dex: 20    Spells: 4/4 levels left

rFire    . . .     SeeInvis .   a - +0 trident
rCold    . . .     Gourm    .   (no shield)
rNeg     . . .     Faith    .   k - +0 scale mail
rPois    .         Spirit   .   c - +0 helmet
rElec    .         Reflect  .   (no cloak)
rCorr    .         Harm     .   (no gloves)
MR       .....                  s - +0 pair of boots
Stlth    ..........             (no amulet)
HPRegen  0.15/turn              p - +3 ring of dexterity
MPRegen  0.10/turn              (no ring)

@: lethally poisoned (0 -> -6), very slightly contaminated, invisible
A: high mp 1
a: no special abilities


You were on level 4 of the Dungeon.
You were hungry.

You visited 1 branch of the dungeon, and saw 4 of its levels.

You collected 169 gold pieces.
You spent 112 gold pieces at shops.

Inventory:

Hand Weapons
 a - a +0 trident (weapon)
Missiles
 d - 3 throwing nets (quivered)
Armour
 b - a +0 leather armour
 c - a +0 helmet (worn)
 k - a +0 scale mail (worn)
 s - a +0 pair of boots (worn)
Jewellery
 p - a +3 ring of dexterity (left hand)
 t - an uncursed ring of protection from fire {unknown}
Scrolls
 e - 3 scrolls of teleportation {unknown}
 h - 3 scrolls of fear {unknown}
 i - a scroll of remove curse {unknown}
 j - a scroll of identify {unknown}
 q - a scroll of fog {unknown}
 r - a scroll of random uselessness {unknown}
 u - a scroll of enchant armour {unknown}
Potions
 g - 2 potions of brilliance {unknown}
 l - a potion of flight
 m - 4 potions of might {unknown}
 n - a potion of mutation {unknown}
 o - a potion of haste {unknown}
Comestibles
 f - 9 rations


   Skills:
 + Level 3.5 Fighting
 * Level 5.3 Polearms
 - Level 1.7 Throwing
 - Level 2.6 Dodging


You had 4 spell levels left.
You didn't know any spells.
Your spell library was empty.

Dungeon Overview and Level Annotations

Branches:
Dungeon (4/15)
 Temple: D:4-7

Shops:
D:4 !

Annotations:
D:2 Crazy Yiuf


Innate Abilities, Weirdness & Mutations

You have an increased reservoir of magic. (+10% MP)


Message History

You feel sick.
Something hits you but does no damage. x2
An orc wizard comes into view. It is wielding a dagger.
The orc priest closely misses you.
Attack whom?
Press: ? - help, Dir - move target cursor, f/p - orc priest
Aim: an orc priest, wielding a short sword of venom and wearing a ring mail (severely wounded)
You puncture the orc priest!
You kill the orc priest!
The orc wizard shouts!
Something hits you but does no damage.
Attack whom?
Press: ? - help, Dir - move target cursor, f - orc wizard
Aim: an orc wizard, wielding a dagger and wearing a robe (hasn't noticed you)
You hit the orc wizard.
The orc wizard is moderately wounded.
* * * LOW HITPOINT WARNING * * *
You feel sick.
The orc priest invokes the aid of Beogh against something.
Pain shoots through your body!
You die...

####### #### .......
#..{ .......##..#
.......#..# ......o..#
........#########
.......o@.......#####
.......########.....##
....... #####..####
....... ##....#
####### ####.. ### #


You could see an orc priest and an orc wizard.

Vanquished Creatures
  Sigmund (D:2)
  An orc priest (D:4)
  5 adders
  A dart slug (D:3)
  3 orcs
  2 giant cockroaches
  7 hobgoblins
  2 jackals (D:1)
  5 kobolds
  2 quokkas
  2 ball pythons
  3 bats
  4 frilled lizards (D:1)
  8 goblins
  A quokka skeleton (D:4)
  7 rats
54 creatures vanquished.

Notes
Turn   | Place    | Note
-------+----------+-------------------------------------------
     0 | D:1      | HEYYEYAAE the Demigod Gladiator began the quest for the Orb.
     0 | D:1      | Reached XP level 1. HP: 17/17 MP: 3/3
    91 | D:1      | Reached skill level 3 in Polearms
   121 | D:1      | Reached XP level 2. HP: 17/24 MP: 4/4
   724 | D:2      | Reached XP level 3. HP: 21/30 MP: 5/5
  1074 | D:2      | Found a runed door.
  1122 | D:2      | Found a blossoming altar of Fedhas.
  1277 | D:2      | Noticed Sigmund
  1286 | D:2      | Killed Sigmund
  1286 | D:2      | Reached skill level 4 in Polearms
  1286 | D:2      | Reached XP level 4. HP: 20/38 MP: 6/6
  1286 | D:2      | Reached XP level 5. HP: 24/45 MP: 7/7
  1384 | D:2      | Noticed Crazy Yiuf
  1414 | D:3      | Reached skill level 5 in Polearms
  2231 | D:4      | Found Vediwk's Distillery.
  2238 | D:4      | Bought a potion of invisibility for 112 gold pieces
  2327 | D:4      | Killed from afar by an orc priest

Skill      XL: |  1  2  3  4  5 |
---------------+----------------+-----
Polearms       | 3 4 5 |  5.3
Fighting       | 2 3 |  3.5
Throwing       | |  1.7
Dodging        | |  2.6

Action                   |  1- 3 |  4- 6 || total
-------------------------+-------+-------++-------
Melee: Trident           |   115 |    63 ||   178
  Use: Potion            |     2 |     2 ||     4
  Eat: Chunk             |     1 |     3 ||     4
Armor: Leather armour    |    13 |       ||    13
       Scale mail        |    11 |    19 ||    30
Dodge: Dodged            |    60 |    24 ||    84
